groovejumper, neutral female human Wizard -------- |......| |......| |......| |......| |......| -|------ u# # @ # ### # -.------ -.------ |......| |.....}| |..%..<| |..}...| |.......### |(}....| +......| # |....}.| |..*...| ##-......| -------- -------- groovejumper the Thaumaturge Experience level: 9 Strength: 13 Dexterity: 14 Constitution: 17 Intelligence: 17 Wisdom: 10 Charisma: 17 Health: 0(64) Energy: 38(69) AC: 4 Gold: 58 Moves: 7606 Your Inventory: Coins $ - 58 gold pieces Weapons a - a blessed +4 quarterstaff (weapon in hands) Armor l - a blessed +5 cloak of magic resistance (being worn) Comestibles N - an [uncursed] food ration R - an [uncursed] apple Rings x - an uncursed ring of conflict z - an uncursed ring of slow digestion (on right hand) E - an uncursed ring of teleport control (on left hand) Wands F - an uncursed wand of teleportation (0:5) Tools b - an [uncursed] sack S - an uncursed lock pick Contents of the sack: 235 gold pieces 2 [uncursed] carrots an [uncursed] cram ration 2 [uncursed stale] eggs 3 [uncursed] food rations 4 [uncursed] tripe rations an uncursed scroll of charging 3 uncursed scrolls of confuse monster 2 uncursed scrolls of create monster a cursed scroll of create monster 3 uncursed scrolls of destroy armor a cursed scroll of destroy armor 2 uncursed scrolls of earth a [cursed] scroll of earth a blessed scroll of enchant armor a cursed scroll of enchant armor an [uncursed] scroll of enchant armor 3 uncursed scrolls of food detection a cursed scroll of food detection 3 uncursed scrolls of genocide 2 blessed scrolls of light 8 uncursed scrolls of light 2 uncursed scrolls of magic mapping a cursed scroll of magic mapping a blessed scroll of remove curse an uncursed scroll of remove curse an uncursed scroll of scare monster 2 uncursed scrolls of taming a blessed scroll of teleportation 2 uncursed scrolls of teleportation 4 uncursed unlabeled scrolls [of blank paper] a [cursed] unlabeled scroll [of blank paper] a [blessed] unlabeled scroll [of blank paper] an [uncursed] diluted potion called object detection [of object detection] an uncursed potion of gain energy an uncursed potion of hallucination a potion of holy water a blessed potion of oil a blessed potion of see invisible an [uncursed] potion of water an uncursed ring of cold resistance an uncursed ring of fire resistance an uncursed ring of free action a cursed -1 ring of gain strength a cursed ring of hunger an uncursed ring of poison resistance an uncursed ring of shock resistance an uncursed ring of sustain ability an [uncursed] curved wand [of magic missile (0:7)] a [cursed] long wand [of sleep (0:4)] an [uncursed] mahogany wand [of enlightenment (0:11)] an [uncursed] mithril wand [of light (0:15)] an uncursed wand of create monster (0:12) an [uncursed] wand of create monster [0:12] an uncursed wand of lightning (0:7) an uncursed wand of probing (0:5) an uncursed magic marker (0:69) an [uncursed tin] whistle Spells known in the end: Name Level Category Fail Memory a - force bolt 1 attack 0% [|||||...] b - jumping 1 escape 0% [|||||...] c - detect monsters 1 divination 0% [||||||..] d - sleep 1 enchantment 0% [||||||..] e - levitation 4 escape 100% [||||||..] f - create familiar 6 clerical 100% [||||||..] g - slow monster 2 enchantment 0% [||||||..] h - light 1 divination 0% [||||||..] i - magic mapping 5 divination 100% [||||||..] j - create monster 2 clerical 0% [||||||..] k - healing 1 healing 0% [|||||||.] Your skills at the end: Fighting Skills Weapon Skills quarterstaff [Skilled / Expert] Spellcasting Skills attack spells [Skilled / Expert] enchantment spells [Basic / Skilled] Final Attributes: You were piously aligned. Hunger level was 558. Your alignment was 47 / 48. Monster difficulty range was 1 - 8. Level difficulty was 7. You resisted cold. You were magic-protected. You were telepathic. You had teleport control. You had slower digestion. Your luck was zero. You are dead. Vanquished creatures: a ghost 2 giant mimics 2 small mimics a tengu a leprechaun an iron piercer a dwarf mummy a dingo a dwarf lord 2 blue jellies 4 human zombies 3 snow ants a bugbear 2 water nymphs an enormous rat 2 rock moles 2 fog clouds a yellow light a shrieker a violet fungus a gnome lord 2 gray oozes an elf zombie a ghoul a straw golem a paper golem a baby crocodile a giant ant a little dog 7 floating eyes a kitten a dwarf 2 homunculi 2 hill orcs a rabid rat 4 giant bats 2 Kop Sergeants an orc zombie 3 dwarf zombies 4 iguanas 14 killer bees an acid blob 5 coyotes a gas spore 4 hobbits 10 manes a hobgoblin 2 giant rats 2 cave spiders 2 brown molds 4 yellow molds a red mold a gnome 8 Keystone Kops 3 garter snakes 7 geckos 9 jackals 3 foxes 3 goblins 4 sewer rats 10 grid bugs 3 bats 4 lichens 3 kobold zombies 10 newts 184 creatures vanquished. Voluntary challenges: You used a wielded weapon 132 times. You read items or engraved 30 times. You put on armor 1 time. You never genocided any monsters. You never polymorphed an object. You never changed form. You used no wishes. You wrote Elbereth's name 2 times. You never encountered a bones level. You never used any Sokoban shortcuts. Dungeon overview: The Dungeons of Doom: levels 1 to 7 Level 1 a long staircase Level 2 a scroll shop, a fountain stairs to The Gnomish Mines Level 3 a general store, an altar to Thoth, some fountains Level 5 many fountains Level 6 a scroll shop stairs to Sokoban Level 7 <- You were here The Gnomish Mines: Level 3 stairs to The Dungeons of Doom Sokoban: levels 3 to 5 Level 5 a magic chest stairs to The Dungeons of Doom History has recorded: On T:1 you entered the Dungeons of Doom to retrieve the Amulet of Yendor! On T:353 you advanced to experience level 2. On T:514 you reached level 2 of The Dungeons of Doom. On T:646 you reached level 1 of The Gnomish Mines. On T:673 you reached level 3 of The Dungeons of Doom. On T:760 you advanced to experience level 3. On T:866 you advanced to experience level 4. On T:1057 you advanced to experience level 5. On T:1083 you advanced to experience level 6. On T:1854 you reached level 4 of The Dungeons of Doom. On T:2758 you reached level 5 of The Dungeons of Doom. On T:2843 you advanced to experience level 7. On T:3782 you reached level 6 of The Dungeons of Doom. On T:3837 you advanced to experience level 8. On T:3922 you reached level 3 of Sokoban. On T:4433 you reached level 2 of Sokoban. On T:5346 you reached level 1 of Sokoban. On T:6924 you advanced to experience level 9. On T:7496 you reached level 7 of The Dungeons of Doom. Latest messages: [HP-4=60] You feel a bit steadier now. [HP+1=61] The white unicorn butts! The white unicorn kicks! The white unicorn butts! The white unicorn kicks! [HP-20=41] You hit the white unicorn! The white unicorn butts! The white unicorn kicks! [HP-12=29] The white unicorn just misses! The white unicorn kicks! The white unicorn butts! The white unicorn misses. [HP-9=20] You hit the white unicorn! The white unicorn butts! The white unicorn kicks! The white unicorn butts! You die... Final status: Goodbye groovejumper the Wizard... You died in The Dungeons of Doom on dungeon level 7 with 564 points, and 293 pieces of gold, after 7606 moves. You were level 9 with a maximum of 64 hit points when you died.